 Dungeon Crawl Stone Soup version 0.31-a0-986-g5e6e4ef867 (webtiles) character file.

Game seed: 5775562672283036046

1865 pokeman the Thaumaturge (level 8, -8/44 HPs)
             Began as a Deep Elf Hedge Wizard on Nov 20, 2023.
             Mangled by an ice beast (11 damage)
             ... on level 6 of the Dungeon.
             The game lasted 00:14:48 (6728 turns).

pokeman the Thaumaturge (Deep Elf Hedge Wizard)     Turns: 6728, Time: 00:14:48

Health: -8/44      AC:  4    Str:  7    XL:     8   Next: 90%
Magic:  17/25      EV: 13    Int: 22    God:
Gold:   228        SH:  0    Dex: 14    Spells: 16/29 levels left

rFire   . . .        y - +0 halberd (venom)
rCold   . . .        (shield currently unavailable)
rNeg    . . .        b - +0 robe
rPois   +            x - +0 helmet
rElec   .            o - +0 cloak
rCorr   .            (no gloves)
SInv    .            (no boots)
Will    .....        l - amulet of regeneration
Stlth   ++           w - ring of poison resistance
HPRegen 1.07/turn    (no ring)
MPRegen 0.19/turn

%: no passive effects
@: on blink cooldown, very slightly contaminated
A: no striking features
a: no special abilities


You were on level 6 of the Dungeon.
You visited 1 branch of the dungeon, and saw 6 of its levels.

You collected 228 gold pieces.

Inventory:

Hand Weapons
 y - a +0 halberd of venom (weapon)
Armour
 b - a +0 robe (worn)
 o - a +0 cloak (worn)
 x - a +0 helmet (worn)
 A - a +2 robe of positive energy
Jewellery
 c - a ring of ice
 l - an amulet of regeneration (around neck)
 w - a ring of poison resistance (left hand)
Scrolls
 a - a scroll of torment {unknown}
 e - 5 scrolls of identify {unknown}
 f - a scroll of revelation {unknown}
 g - 5 scrolls of teleportation {unknown}
 m - 2 scrolls of vulnerability {unknown}
 n - 2 scrolls of immolation {unknown}
 p - a scroll of enchant weapon {unknown}
 r - a scroll of noise {unknown}
 s - 2 scrolls of fog {unknown}
 t - a scroll of amnesia {unknown}
Potions
 d - a potion of magic
 h - a potion of mutation {unknown}
 i - a potion of might {unknown}
 j - 2 potions of enlightenment {unknown}
 k - 6 potions of curing {unknown}
 q - 2 potions of lignification {unknown}
 u - a potion of resistance {unknown}
 v - a potion of heal wounds {unknown}
 z - a potion of experience {unknown}


   Skills:
 - Level 2.0 Fighting
 + Level 3.0 Armour
 - Level 3.2 Dodging
 - Level 3.3 Stealth
 * Level 11.2 Spellcasting
 + Level 6.1 Conjurations
 - Level 1.1 Summonings
 - Level 1.1 Translocations
 - Level 2.0 Ice Magic
 - Level 1.1 Air Magic
 - Level 1.2 Poison Magic


You had 16 spell levels left.
You knew the following spells:

 Your Spells              Type           Power      Damage    Failure   Level
a - Magic Dart            Conj           100%       1d8       1%          1
b - Mephitic Cloud        Conj/Pois/Air  24%        N/A       4%          3
c - Call Imp              Summ           34%        N/A       4%          2
d - Blink                 Tloc           34%        N/A       4%          2
e - Freezing Cloud        Conj/Ice/Air   12%        6-21      38%         5

Your spell library contained the following spells:

 Spells                   Type           Power      Damage    Failure   Level
 Momentum Strike          Conj/Tloc      56%        3d9       1%          2
 Lesser Beckoning         Tloc           34%        N/A       4%          2
 Poisonous Vapours        Pois/Air       34%        N/A       4%          2
 Slow                     Hex            48%        N/A       5%          1
 Ensorcelled Hibernation  Hex/Ice        32%        N/A       5%          2
 Cigotuvi's Dreadful Rot  Necr/Pois/Air  30%        N/A       6%          2
 Jinxbite                 Hex            24%        N/A       9%          2
 Anguish                  Hex/Necr       6%         N/A       47%         4


Dungeon Overview and Level Annotations

Branches:
Dungeon (6/15)
 Temple: D:4-7

Altars:
Dithmenos
Fedhas
Kikubaaqudgha
Makhleb
Nemelex Xobeh
Ru
Trog
Xom
Yredelemnul
Zin

Shops:
D:1 :   D:5 *


Message History

Your cerulean imp hits the ice beast but does no damage.
You feel ready to blink again. Something hits your cerulean imp.
Your cerulean imp blinks!
Casting: Blink (safe; 4% risk of failure)
Confirm with . or Enter, or press ? or * to list all spells.
You miscast Call Imp.
You are very lightly contaminated with residual magic.
Nothing appears to happen.
The howler monkey zombie hits you.
* * * LOW HITPOINT WARNING * * *
The howler monkey zombie closely misses you.
Casting: Call Imp (safe; 4% risk of failure)
Confirm with . or Enter, or press ? or * to list all spells.
You blink.
The ice beast misses you.
You closely miss the ice beast. The ice beast completely misses you.
The hornet zombie misses you.
The howler monkey zombie closely misses you.
Your cerulean imp barely misses the ice beast.
The ice beast hits you.
* * * LOW HITPOINT WARNING * * *
The ice beast freezes you!
* * * LOW HITPOINT WARNING * * *
The hornet zombie barely misses you.
The howler monkey zombie closely misses you.
You slash the ice beast!
The ice beast is poisoned.
The ice beast is moderately wounded.
Your cerulean imp closely misses the ice beast.
The hornet zombie misses you.
The ice beast hits you but does no damage.
The phantom hits your cerulean imp.
The howler monkey zombie barely misses you.
Your cerulean imp hits the ice beast from afar with a -3 spear.
The hornet zombie closely misses you.
You barely miss the ice beast.
The ice beast is moderately wounded.
The ice beast hits you.
* * * LOW HITPOINT WARNING * * *
The ice beast freezes you!
You die...

#...W~.~~~#
#......~~~#
#.........#
#.Z..######
###.W# ##5# ##.#
###YZ# #.Z@##
###.### # ###.c.#
#.. ##...### #..
###.....###
##..##..#..Y...#
#.......#..c...#
##[.....##.....##
.........5...#.#


You could see an ice beast (very poisoned, ally target), a phantom, a centaur, a
hornet zombie, a howler monkey zombie and a friendly cerulean imp (summoned).

Vanquished Creatures
  Grinder (D:5)
  Eustachio (D:4)
  A water moccasin (D:5)
  A black bear (D:5)
  An ogre (D:5)
  3 phantoms
  A wyvern zombie (D:6)
  3 scorpions
  A gnoll sergeant (D:6)
  A water moccasin zombie (D:6)
  2 water moccasin skeletons (D:6)
  A bullfrog zombie (D:6)
  An orc priest (D:6)
  2 hounds (D:5)
  2 iguanas
  A gnoll bouda (D:6)
  Terence (D:2)
  A howler monkey zombie (D:6)
  14 gnolls
  9 adders
  2 ufetubi (D:6)
  3 dart slugs
  4 orcs
  4 ball pythons
  6 endoplasms
  6 giant cockroaches
  10 goblins
  5 hobgoblins
  5 jackals
  4 quokkas
  6 bats
  2 frilled lizards
  7 kobolds
  6 rats
118 creatures vanquished.

Vanquished Creatures (collateral kills)
  A jelly (D:5)
  An orc (D:6)
2 creatures vanquished.

Vanquished Creatures (others)
  A gnoll (D:6)
1 creature vanquished.

Grand Total: 121 creatures vanquished

Notes
Turn   | Place    | Note
-------+----------+-------------------------------------------
     0 | D:1      | pokeman the Deep Elf Hedge Wizard began the quest for the
                  | Orb.
     0 | D:1      | Reached XP level 1. HP: 10/10 MP: 7/7
   265 | D:1      | Reached XP level 2. HP: 14/15 MP: 3/9
   648 | D:1      | Found Qenumpy's Book Emporium.
   724 | D:1      | Reached skill level 5 in Spellcasting
  1123 | D:1      | Reached XP level 3. HP: 20/20 MP: 9/11
  1127 | D:1      | Learned a level 3 spell: Mephitic Cloud
  1130 | D:1      | Learned a level 2 spell: Call Imp
  1133 | D:1      | Learned a level 2 spell: Blink
  1482 | D:2      | Found a basalt altar of Yredelemnul.
  1483 | D:2      | Noticed Terence
  1519 | D:2      | Killed Terence
  1520 | D:2      | Reached skill level 1 in Fighting
  1520 | D:2      | Reached skill level 1 in Armour
  1658 | D:2      | Reached XP level 4. HP: 25/25 MP: 5/13
  2802 | D:3      | Reached skill level 6 in Spellcasting
  3217 | D:4      | Noticed a scorpion
  3320 | D:4      | Found a burning altar of Makhleb.
  3322 | D:4      | Found a bloodstained altar of Trog.
  3322 | D:4      | Found an ancient bone altar of Kikubaaqudgha.
  3324 | D:4      | Found a basalt altar of Yredelemnul.
  3324 | D:4      | Found a shadowy altar of Dithmenos.
  3324 | D:4      | Found a shimmering altar of Xom.
  3350 | D:4      | Found a blossoming altar of Fedhas.
  3350 | D:4      | Noticed a scorpion
  3353 | D:4      | Reached XP level 5. HP: 29/29 MP: 12/15
  3498 | D:4      | Found a burning altar of Makhleb.
  3498 | D:4      | Found a sparkling altar of Nemelex Xobeh.
  3585 | D:4      | Noticed a phantom
  3595 | D:4      | Killed a phantom
  3806 | D:4      | Reached XP level 6. HP: 34/34 MP: 5/17
  4015 | D:4      | Reached skill level 7 in Spellcasting
  4015 | D:4      | Reached skill level 1 in Air Magic
  4015 | D:4      | Reached skill level 1 in Poison Magic
  4021 | D:4      | Learned a level 5 spell: Freezing Cloud
  4410 | D:4      | Noticed Eustachio
  4439 | D:4      | Killed Eustachio
  4440 | D:4      | Reached skill level 1 in Ice Magic
  4583 | D:5      | Entered Level 5 of the Dungeon
  4614 | D:5      | Reached XP level 7. HP: 38/38 MP: 10/20
  4779 | D:5      | Reached skill level 8 in Spellcasting
  5034 | D:5      | Found Zin's Purification Station.
  5037 | D:5      | Found a glowing silver altar of Zin.
  5037 | D:5      | Noticed Grinder
  5055 | D:5      | Killed Grinder
  5210 | D:5      | Reached skill level 9 in Spellcasting
  5374 | D:5      | Reached XP level 8. HP: 44/44 MP: 9/23
  5855 | D:5      | Found a sacrificial altar of Ru.
  6026 | D:6      | Reached skill level 5 in Conjurations
  6030 | D:6      | HP: 2/44 [gnoll/+0 spear[a gnoll sergeant] (7)]
  6060 | D:5      | Reached skill level 10 in Spellcasting
  6470 | D:6      | Found a shadowy altar of Dithmenos.
  6524 | D:6      | Reached skill level 11 in Spellcasting
  6728 | D:6      | Mangled by an ice beast

Illustrated notes

Levels and vault maps discovered:
D:1:      roderic_chinese_lattice_arrival, layout_loops_corners, serial_shops,
          shop, minmay_worlds_worst_comb
D:2:      layout_rooms, basic_altar, minivault_19, uniq_terence
D:3:      layout_basic
D:4:      layout_loops_ring, lemuel_crystal_altar, doesnt_xom_only_xom,
          gammafunk_temple_overflow_statue, uniq_eustachio
D:5:      layout_loops_corners, nicolae_ru_path_of_blood, zin_purify,
          uniq_grinder
D:6:      layout_cave_pools, nicolae_dithmenos_shadow_blocks,
          portal_sewer_entry_e, serial_undead, serial_undead_e, serial_undead_c,
          serial_undead_d, serial_undead_d, serial_undead_b, serial_undead_e,
          serial_undead_b, serial_undead_e, serial_undead_e, serial_undead_b

Skill      XL: |  1  2  3  4  5  6  7  8 |
---------------+-------------------------+-----
Spellcasting   | 5 6 7 9 11 | 11.2
Fighting       | 1 2 |  2.0
Armour         | 1 3 |  3.0
Conjurations   | 2 3 4 6 |  6.1
Stealth        | 3 |  3.3
Dodging        | 3 |  3.2
Air Magic      | 1 |  1.1
Poison Magic   | 1 |  1.2
Ice Magic      | 1 2 |  2.0
Summonings     | |  1.1
Translocations | |  1.1

Action                     |  1- 3 |  4- 6 |  7- 9 || total
---------------------------+-------+-------+-------++-------
  Melee: Dagger            |    20 |    41 |     1 ||    62
         Halberd           |       |       |    63 ||    63
   Cast: Magic Dart        |    85 |   113 |   118 ||   316
         Mephitic Cloud    |     1 |     8 |    17 ||    26
         Call Imp          |       |     1 |    12 ||    13
         Blink             |       |       |    11 ||    11
   Stab: Sleeping          |     2 |     1 |       ||     3
         Confused          |     1 |     4 |     7 ||    12
         Distracted        |       |       |     1 ||     1
 Armour: Robe              |    17 |    21 |   148 ||   186
  Dodge: Dodged            |    17 |    32 |   120 ||   169

Table legend: (Time is in decaauts)
 A = Elapsed time spent in this place.
 B = Non-inter-level travel time spent in this place.
 C = Inter-level travel time spent in this place.
 D = Time resting spent in this place.
 E = Time spent auto-exploring this place.
 F = Levels seen in this place.
 G = Mean time per level.
                   A        B        C        D        E       F      G
               +--------+--------+--------+--------+--------+-----+--------+
         Total |   6763 |   6525 |    238 |    307 |   5061 |   6 | 1127.2 |
       Dungeon |   6763 |   6525 |    238 |    307 |   5061 |   6 | 1127.2 |
               +--------+--------+--------+--------+--------+-----+--------+

Top non-repeatable levels by time:
     D:5: 1766 daAuts
     D:1: 1391 daAuts
     D:3: 1262 daAuts
     D:4: 1189 daAuts
     D:2: 739 daAuts
     D:6: 414 daAuts
